 Dungeon Crawl Stone Soup version 0.22.1-1-ga44c0e5 (webtiles) character file.

75007 aMcNicky the Basher (level 15, -1/154 HPs)
             Began as a Troll Abyssal Knight on Oct 7, 2018.
             Was the Champion of Lugonu.
             Slain by a harpy (12 damage)
             ... summoned by Kirke
             ... on level 12 of the Dungeon on Oct 8, 2018.
             The game lasted 01:47:23 (23821 turns).

aMcNicky the Basher (Troll Abyssal Knight)         Turns: 23821, Time: 01:47:24

Health: -1/154     AC:  0    Str: 25    XL:     15   Next: 8%
Magic:  21/22      EV: 18    Int:  9    God:    Lugonu [******]
Gold:   1994       SH:  0    Dex: 12    Spells: 14/14 levels left

rFire    . . .     SeeInvis .   (weapon currently unavailable)
rCold    . . .     Gourm    +   (shield currently unavailable)
rNeg     . . .     Faith    .   (armour currently unavailable)
rPois    .         Spirit   .   (helmet currently unavailable)
rElec    .         Reflect  .   (cloak currently unavailable)
rCorr    .         Harm     .   (gloves unavailable)
MR       +....                  (boots unavailable)
Stlth    +.........             Y - amulet of the acrobat
HPRegen  0.75/turn              (ring currently unavailable)
MPRegen  0.18/turn              (ring currently unavailable)

@: pig-form, slowed
A: small, unfitting armour, fast metabolism 3, gourmand, regeneration 1
a: Depart the Abyss, Bend Space, Banish, Corrupt, Enter the Abyss, Brand Weapon
With Distortion, Renounce Religion


You were on level 12 of the Dungeon.
You worshipped Lugonu.
Lugonu was exalted by your worship.
You were very full.
You were a filthy swine.
You visited 2 branches of the dungeon, and saw 18 of its levels.
You visited the Abyss 1 time.
You also visited: Sewer and Ossuary.

You collected 2102 gold pieces.
You spent 108 gold pieces at shops.

Inventory:

Hand Weapons
 a - a +5 dire flail of protection (melded)
 b - a +2 arbalest of velocity
 S - a +0 giant spiked club
Missiles
 k - 382 stones (quivered)
 O - 54 bolts
Armour
 i - a +1 robe
 E - a +0 cloak
 L - a +3 troll leather armour
 Q - +0 acid dragon scales (melded)
 W - a +1 hat (melded)
 X - a scarf of repulsion (melded)
Jewellery
 o - a ring of resist corrosion (melded)
 y - an uncursed ring of see invisible
 D - an uncursed ring of poison resistance {unknown}
 M - the ring of Buholung (melded) {-Tele +Inv rElec rC+ Dex+10}
   (You found it on level 8 of the Dungeon)

   [ring of protection from cold]

   It affects your dexterity (+10).
   It protects you from cold.
   It insulates you from electricity.
   It lets you turn invisible.
   It prevents most forms of teleportation.
 T - an uncursed ring of ice
 Y - an amulet of the acrobat (around neck)
 Z - a cursed ring of teleportation {unknown}
Wands
 s - a wand of flame (46)
 A - a wand of paralysis (8)
 K - a wand of iceblast (11)
 U - a wand of digging (26)
Scrolls
 d - 8 scrolls of identify {@r1}
 f - a scroll of amnesia
 q - a scroll of brand weapon {unknown}
 r - 9 scrolls of remove curse {@r2}
 t - 14 scrolls of teleportation
 v - 3 scrolls of magic mapping
 B - 7 scrolls of enchant weapon
 C - a scroll of acquirement {unknown}
 H - 5 scrolls of fog
 J - a scroll of blinking
 N - a scroll of enchant armour
 P - 5 scrolls of immolation
 R - 2 scrolls of fear {unknown}
 V - a scroll of vulnerability {unknown}
Potions
 e - 5 potions of flight
 g - 14 potions of curing {@q1}
 h - 2 potions of heal wounds
 j - 2 potions of berserk rage {unknown}
 l - 4 potions of brilliance
 m - 4 potions of resistance
 n - 2 potions of mutation
 p - 4 potions of might
 u - a potion of invisibility {unknown}
 w - 5 potions of degeneration {unknown}
 x - 7 potions of magic {unknown}
 z - 5 potions of cancellation {unknown}
 F - 2 potions of agility {unknown}
 G - 4 potions of lignification {unknown}
Comestibles
 c - 30 rations
 I - 3 chunks of flesh


   Skills:
 * Level 11.3 Fighting
 * Level 14.6 Maces & Flails
 * Level 8.1 Armour
 + Level 6.4 Dodging
 * Level 11.6 Invocations


You had 14 spell levels left.
You didn't know any spells.
Your spell library contained the following spells:

 Spells                   Type           Power        Failure   Level  Hunger
 Confusing Touch          Hex            #.....       38%         1    ##.....
 Freeze                   Ice            #...         38%         1    ##.....
 Magic Dart               Conj           #...         38%         1    ##.....
 Shock                    Conj/Air       #...         38%         1    ##.....
 Summon Small Mammal      Summ           #...         38%         1    ##.....
 Blink                    Tloc           N/A          52%         2    ###....
 Call Imp                 Summ           #.......     52%         2    ###....
 Ensorcelled Hibernation  Hex/Ice        #.....       52%         2    ###....
 Slow                     Hex            #.......     52%         2    ###....
 Throw Frost              Conj/Ice       #.....       52%         2    ###....
 Call Canine Familiar     Summ           #.......     77%         3    ####...
 Conjure Flame            Conj/Fire      #.......     77%         3    ####...
 Ignite Poison            Fire/Tmut/Pois #.......     77%         3    ####...
 Mephitic Cloud           Conj/Pois/Air  #.......     77%         3    ####...
 Ozocubu's Armour         Chrm/Ice       #.......     77%         3    ####...
 Summon Guardian Golem    Hex/Summ       #.......     77%         3    ####...
 Cause Fear               Hex            #.........   99%         4    #####..
 Summon Ice Beast         Ice/Summ       #.......     99%         4    #####..
 Throw Icicle             Conj/Ice       #.......     99%         4    #####..
 Fireball                 Conj/Fire      #.........   100%        5    ######.
 Silence                  Hex/Air        #.........   100%        5    ######.
 Yara's Violent Unravell  Hex/Tmut       #.........   100%        5    ######.
 Bolt of Fire             Conj/Fire      #.........   100%        6    #######
 Conjure Ball Lightning   Conj/Air       #.........   100%        6    #######
 Darkness                 Hex            #.........   100%        6    #######
 Deflect Missiles         Chrm/Air       #.........   100%        6    #######
 Malign Gateway           Summ/Tloc      #.........   100%        7    #######
 Ring of Flames           Chrm/Fire      #.........   100%        7    #######
 Discord                  Hex            #.........   100%        8    #######
 Ignition                 Fire           #.........   100%        8    #######


Dungeon Overview and Level Annotations

Branches:
Dungeon (12/15)            Temple (0/1) D:4            Lair (6/6) D:8
  Swamp (0/4) Lair:2       Spider (0/4) Lair:2        Slime (0/5) Lair:5
    Orc: D:9-12

Altars:
Dithmenos
Elyvilon
Nemelex Xobeh
Okawaru
Qazlal
Sif Muna
The Shining One

Shops:
D:6 [   D:9 [

Annotations:
D:12 Kirke
Lair:6 corrupted
Abyss:1 Nessos


Innate Abilities, Weirdness & Mutations

You are too large for most types of armour.
((You have claws for hands.))
Your metabolism is lightning-fast.
You like to eat raw meat.
Your natural rate of healing is unusually fast.
((You are covered in fur. (AC +1)))
((You have very tough skin. (AC +2)))


Message History

Items here: )))) [ a club; a whip; a flail; a robe; a dagger You feel much better.
The harpy claws you but does no damage. The harpy claws you!
* * * LOW HITPOINT WARNING * * *
The orc priest invokes the aid of Beogh against you.
Beogh smites you!
* * * LOW HITPOINT WARNING * * *
Kirke gestures at you while chanting.
You turn into a filthy swine.
Your +5 dire flail of protection melds into your body.
Your scarf of repulsion melds into your body.
Your +1 hat melds into your body.
Your +0 acid dragon scales melds into your body.
The ring of Buholung {-Tele +Inv rElec rC+ Dex+10} melds into your body.
Your ring of resist corrosion melds into your body.
Your +5 dire flail of protection goes still.
The haze of the repulsion field disappears.
The harpy closely misses you. The harpy claws you!
You die...

#.......##..##..# #.##...##..#..#
#.......##..##..# #.##...##..#..#
#.......##..##..# #.##...##..#..#
#...........##..# #.##...##..#..#
#.......)...##..# #.##...##..#..#
#.......#...##..# #.##.))##..#..#
#.......#...##..# #....[.##..#..#
#.......#.h.##.@###......##..#..#
#.......#...##hHh....##..##..#..J
#.........o.HHh###...##..........
........#.....o# #...##..........
##.###..#...#..# #...##.##.)....#
#.# #..#...#..# #...##.##..##..#
#.# #..#...#..# #...##.##..##..#
#.# #..#...#..# #...##.##..##..#
#.###......#..###...##.#...##...
#.##............................


You could see Kirke, a manticore, 2 harpies, 2 hogs and an orc priest.

Vanquished Creatures
  Gastronok (Lair:2)
  A stone giant (D:11)
  An ettin (D:11)
  A fire dragon (Lair:6)
  Fannar (Lair:1)
  6 hydras
  A catoblepas (Lair:6)
  Harold (Lair:4)
  2 two-headed ogres
  16 death yaks
  Sonja (Lair:4)
  2 unseen horrors (D:12)
  A swamp dragon (Lair:6)
  Pikel (D:5)
  3 lindwurms (Lair:6)
  5 oklob plants
  14 cyclopes (D:11)
  3 ugly things
  Psyche (D:12)
  6 black mambas
  19 elephants
  9 spiny frogs
  A gargoyle (D:11)
  7 rime drakes
  6 komodo dragons
  5 trolls
  Grinder (D:4)
  5 slime creatures (D:12)
  8 blink frogs
  3 dream sheep (Lair:6)
  11 hippogriffs
  A redback (Lair:2)
  2 spriggans
  2 water elementals (D:12)
  22 yaks
  A wyvern (Lair:1)
  A wraith (D:8)
  3 basilisks
  2 hogs (D:12)
  Edmund (D:5)
  4 hungry ghosts
  2 wargs (D:11)
  13 water moccasins
  9 porcupines
  3 acid dragons (Lair:6)
  4 sky beasts
  5 orc warriors
  A swamp drake (Lair:6)
  An ice beast (D:7)
  3 phantoms
  A black bear (D:8)
  9 ogres
  10 wolves
  18 centaurs
  13 crocodiles
  5 big kobolds
  A gnoll sergeant (D:8)
  20 bullfrogs
  5 scorpions
  7 killer bees
  7 wights
  An electric eel (D:12)
  2 howler monkeys
  3 centaur zombies
  5 crimson imps
  4 hounds
  5 jellies
  A quasit (D:10)
  3 orc priests
  4 bullfrog skeletons
  8 orc wizards
  4 centaur skeletons
  6 iguanas
  10 worker ants
  A hound zombie (D:6)
  3 mummies
  A howler monkey zombie (D:8)
  2 worker ant zombies
  A howler monkey skeleton (D:5)
  4 gnolls
  8 adders
  6 river rats
  2 shadow imps
  4 oozes
  3 adder zombies
  An adder skeleton (D:6)
  2 worms
  4 leopard geckos
  32 orcs
  6 ball pythons
  3 bats
  6 giant cockroaches
  3 goblins (D:3)
  9 hobgoblins
  16 jackals
  40 kobolds
  4 quokkas
  6 frilled lizards
  A giant cockroach zombie (D:5)
  A gnoll skeleton (Ossuary)
  A gnoll zombie (Ossuary)
  3 goblin skeletons (Ossuary)
  3 goblin zombies
  2 hobgoblin skeletons (Ossuary)
  4 hobgoblin zombies
  A kobold skeleton (Ossuary)
  3 kobold zombies (Ossuary)
  An orc skeleton (Ossuary)
  An orc zombie (Ossuary)
  A quokka zombie (D:8)
  25 rats
  2 rat zombies (Ossuary)
  2 bushes
  6 plants (Lair:1)
599 creatures vanquished.

Vanquished Creatures (others)
  2 ettins (D:11)
  A hydra (Lair:6)
  A black mamba (Lair:6)
  A torpor snail (Lair:6)
  2 rime drakes (Lair:6)
  A komodo dragon (Lair:6)
  10 blink frogs (Lair:6)
  16 dream sheep (Lair:6)
  Menkaure (Ossuary)
  A water moccasin (Lair:6)
  An iguana (Lair:6)
  A mummy (Ossuary)
  A gnoll skeleton (Ossuary)
  2 gnoll zombies (Ossuary)
  3 goblin skeletons (Ossuary)
  3 goblin zombies (Ossuary)
  A hobgoblin skeleton (Ossuary)
  3 hobgoblin zombies (Ossuary)
  6 kobold skeletons (Ossuary)
  A kobold zombie (Ossuary)
  3 orc skeletons (Ossuary)
  2 orc zombies (Ossuary)
  3 rat skeletons (Ossuary)
  2 rat zombies (Ossuary)
  A bush (Lair:6)
  13 fungi
  16 plants
  4 starspawn tentacles (Lair:6)
102 creatures vanquished.

Grand Total: 701 creatures vanquished

Notes
Turn   | Place    | Note
-------+----------+-------------------------------------------
     0 | Abyss:1  | aMcNicky the Troll Abyssal Knight began the quest for the
                  | Orb.
     0 | Abyss:1  | Reached XP level 1. HP: 22/22 MP: 1/1
     1 | Abyss:1  | Found a corrupted altar of Lugonu.
    50 | Abyss:1  | Noticed a sixfirhy
    51 | D:1      | Escaped the Abyss
   198 | D:1      | Reached * piety under Lugonu
   198 | D:1      | Reached skill level 2 in Maces & Flails
   432 | D:1      | Reached XP level 2. HP: 29/29 MP: 2/2
   857 | D:1      | You fall through a shaft!
  1083 | D:2      | Reached XP level 3. HP: 34/36 MP: 3/3
  1166 | D:2      | Reached skill level 3 in Maces & Flails
  1465 | D:2      | Found an iron altar of Okawaru.
  1490 | D:2      | Found a glowing golden altar of the Shining One.
  1490 | D:2      | Found a white marble altar of Elyvilon.
  1803 | D:3      | Reached XP level 4. HP: 45/45 MP: 4/4
  1817 | D:3      | Found a deep blue altar of Sif Muna.
  2096 | D:3      | Reached skill level 4 in Maces & Flails
  2125 | D:3      | Found a glowing drain.
  2132 | D:3      | Reached ** piety under Lugonu
  2132 | D:3      | Reached XP level 5. HP: 50/53 MP: 5/5
  2136 | Sewer    | Entered a sewer
  2574 | Sewer    | Reached XP level 6. HP: 62/62 MP: 6/6
  2704 | Sewer    | Reached *** piety under Lugonu
  3421 | D:4      | Reached skill level 5 in Maces & Flails
  3565 | D:4      | Found a sand-covered staircase.
  3592 | Ossuary  | Entered an ossuary
  3953 | Ossuary  | Noticed Menkaure
  3953 | Ossuary  | Killed Menkaure
  3998 | D:4      | Found a staircase to the Ecumenical Temple.
  4114 | D:4      | Reached **** piety under Lugonu
  4415 | D:4      | Reached XP level 7. HP: 66/70 MP: 7/7
  4440 | D:4      | Noticed Grinder
  4468 | D:4      | Killed Grinder
  4468 | D:4      | Reached skill level 6 in Maces & Flails
  4776 | D:4      | Found a sparkling altar of Nemelex Xobeh.
  4792 | D:5      | Entered Level 5 of the Dungeon
  4828 | D:5      | Noticed Pikel
  5347 | D:5      | Killed Pikel
  5347 | D:5      | Reached skill level 5 in Fighting
  5347 | D:5      | Reached skill level 7 in Maces & Flails
  5347 | D:5      | Reached XP level 8. HP: 47/80 MP: 8/10
  5555 | D:5      | Noticed Edmund
  5580 | D:5      | Killed Edmund
  6098 | D:6      | Reached skill level 8 in Maces & Flails
  6355 | D:6      | Found Vuanun's Antique Armour Emporium.
  6363 | D:6      | Bought a cloak for 108 gold pieces
  6835 | D:7      | Noticed a hippogriff
  6839 | D:7      | Killed a hippogriff
  6839 | D:7      | Reached XP level 9. HP: 88/88 MP: 11/11
  6955 | D:7      | Reached skill level 5 in Invocations
  7833 | D:7      | Reached skill level 9 in Maces & Flails
  7961 | D:8      | Found a transporter.
  8690 | D:8      | Reached XP level 10. HP: 99/100 MP: 13/13
  8819 | D:8      | Found a staircase to the Lair.
  9104 | D:8      | Reached skill level 10 in Maces & Flails
  9106 | D:8      | Reached ***** piety under Lugonu
  9215 | D:8      | Found a transporter.
  9222 | D:8      | Got a coiled lapis lazuli ring
  9236 | D:8      | Identified the ring of Buholung {-Tele +Inv rElec rC+
                  | Dex+10} (You found it on level 8 of the Dungeon)
  9774 | D:9      | Found Xeapych's Armour Shoppe.
 10006 | D:10     | Entered Level 10 of the Dungeon
 10532 | D:10     | Noticed a two-headed ogre
 10597 | D:10     | Reached skill level 11 in Maces & Flails
 10621 | D:9      | Killed a two-headed ogre
 10684 | D:10     | Identified Sif Muna's Catalogue of Supportive
                  | Weightlessness
 10880 | D:10     | Reached XP level 11. HP: 110/110 MP: 15/15
 11527 | D:11     | Found a shadowy altar of Dithmenos.
 11630 | D:11     | Found a stormy altar of Qazlal.
 11663 | D:11     | Reached skill level 12 in Maces & Flails
 11667 | D:11     | Noticed an ettin
 11782 | D:11     | Banished an ettin
 11782 | D:11     | Reached skill level 1 in Armour
 12324 | D:11     | Noticed an ettin
 12706 | D:11     | Reached XP level 12. HP: 110/122 MP: 17/17
 12723 | D:11     | Noticed an ettin
 12726 | D:11     | Banished an ettin
 12726 | D:11     | Noticed a stone giant
 12749 | D:11     | Killed a stone giant
 12844 | D:11     | Identified the Almanac of the Pirate
 12894 | D:11     | Killed an ettin
 13355 | Lair:1   | Entered Level 1 of the Lair of Beasts
 13504 | Lair:1   | Noticed an eight-headed hydra
 13518 | Lair:1   | Killed an eight-headed hydra
 13650 | Lair:1   | Noticed Fannar
 13689 | Lair:1   | Killed Fannar
 13784 | Lair:1   | Reached skill level 13 in Maces & Flails
 14600 | Lair:2   | Reached ****** piety under Lugonu
 14657 | Lair:2   | Noticed a four-headed hydra
 14689 | Lair:2   | Found a staircase to the Swamp.
 14718 | Lair:2   | Killed a four-headed hydra
 14900 | Lair:2   | Found a hole to the Spider Nest.
 15053 | Lair:2   | Noticed Harold
 15199 | Lair:2   | Noticed Gastronok
 15213 | Lair:2   | Killed Gastronok
 15258 | Lair:2   | Reached XP level 13. HP: 131/131 MP: 19/19
 15864 | Lair:3   | Reached skill level 5 in Armour
 16299 | Lair:3   | Reached skill level 10 in Invocations
 16622 | Lair:1   | Reached skill level 5 in Dodging
 16994 | Lair:4   | Killed Harold
 16994 | Lair:4   | Reached skill level 10 in Fighting
 17226 | Lair:4   | Noticed Sonja
 17237 | Lair:4   | Killed Sonja
 18634 | Lair:5   | Reached skill level 14 in Maces & Flails
 18634 | Lair:5   | Reached XP level 14. HP: 140/144 MP: 20/20
 19116 | Lair:5   | Found a staircase to the Slime Pits.
 19746 | Lair:6   | Entered Level 6 of the Lair of Beasts
 19747 | Lair:6   | Corrupted Lair:6
 19747 | Lair:6   | Noticed a starcursed mass
 19747 | Lair:6   | Noticed a tentacled starspawn
 19747 | Lair:6   | Noticed a tentacled starspawn
 19747 | Lair:6   | Noticed a tentacled starspawn
 19900 | Lair:6   | Noticed a starcursed mass
 22442 | D:12     | Noticed Psyche
 22496 | D:12     | Killed Psyche
 22988 | D:12     | Noticed Nessos
 23001 | D:12     | Banished Nessos
 23001 | D:12     | Reached XP level 15. HP: 73/154 MP: 22/22
 23751 | D:12     | Noticed Kirke
 23821 | D:12     | Slain by a harpy

Skill      XL: |  1  2  3  4  5  6  7  8  9 10 11 12 13 14 |
---------------+-------------------------------------------+-----
Maces & Flails | 2 3 4 5 7 8 9 11 12 13 14 | 14.6
Fighting       | 3 4 5 6 7 8 9 10 11 | 11.3
Invocations    | 2 4 6 7 8 9 10 11 | 11.6
Dodging        | 3 4 5 6 |  6.4
Armour         | 2 4 6 8 |  8.1

Action                   |  1- 3 |  4- 6 |  7- 9 | 10-12 | 13-15 || total
-------------------------+-------+-------+-------+-------+-------++-------
Melee: Mace              |   131 |   359 |    95 |       |       ||   585
       Dire flail        |       |       |   234 |   627 |   964 ||  1825
 Fire: Hunting sling     |     3 |    15 |    13 |    16 |       ||    47
       Arbalest          |       |       |       |    28 |   151 ||   179
Invok: Depart the Abyss  |     1 |       |       |       |       ||     1
       Bend Space        |       |     1 |       |     8 |    28 ||    37
       Banish            |       |       |       |     4 |     2 ||     6
       Corrupt           |       |       |       |       |     1 ||     1
Evoke: Wand              |       |     2 |    16 |    25 |     2 ||    45
  Use: Scroll            |       |     2 |    10 |     9 |     2 ||    23
       Potion            |       |       |       |     4 |     4 ||     8
 Stab: Sleeping          |       |     1 |     1 |     1 |     2 ||     5
       Paralysed         |       |       |    33 |       |       ||    33
       Distracted        |       |       |       |     1 |     1 ||     2
  Eat: Chunk             |    20 |    22 |    46 |    78 |    75 ||   241
       Ration            |       |     1 |     2 |       |     1 ||     4
Armor: Robe              |    49 |   111 |   122 |    21 |       ||   303
       Troll leather arm |       |       |       |   194 |   216 ||   410
       Acid dragon scale |       |       |       |       |   131 ||   131
Dodge: Dodged            |    89 |   219 |   161 |   247 |   610 ||  1326
       Deflected         |       |       |       |     3 |    22 ||    25
